 Dungeon Crawl Stone Soup version 0.27.1 (webtiles) character file.

Game seed: 11355651361939084683

395 Gwenloh the Cudgeller (level 6, -4/47 HPs)
             Began as a Demonspawn Abyssal Knight on Aug 24, 2021.
             Was a Believer of Lugonu.
             Killed by divine providence
             ... invoked by an orc priest
              (8 damage)
             ... on level 4 of the Dungeon.
             The game lasted 00:08:07 (4396 turns).

Gwenloh the Cudgeller (Demonspawn Abyssal Knight)   Turns: 4396, Time: 00:08:07

Health: -4/47      AC:  5    Str: 12    XL:     6   Next: 52%
Magic:  8/8        EV: 10    Int: 14    God:    Lugonu [**....]
Gold:   119        SH:  0    Dex: 14    Spells: 5/5 levels left

rFire    . . .     SeeInvis .   l - +2 spear (venom)
rCold    . . .     Faith    .   (no shield)
rNeg     . . .     Spirit   .   e - +0 ring mail
rPois    .         Reflect  .   (no helmet)
rElec    .         Harm     .   (no cloak)
rCorr    .         Rampage  .   (no gloves)
Will     .....                  (no boots)
Stlth    +.........             (no amulet)
HPRegen  0.15/turn              (no ring)
MPRegen  0.11/turn              (no ring)

@: no status effects
A: claws 1, demonic guardian 1, powered by pain 1
a: Renounce Religion, Depart the Abyss, Bend Space


You were on level 4 of the Dungeon.
You worshipped Lugonu.
Lugonu was pleased with you.
You visited 1 branch of the dungeon, and saw 4 of its levels.
You visited the Abyss 1 time.

You collected 119 gold pieces.

Inventory:

Hand Weapons
 j - a +0 flail
 l - a +2 spear of venom (weapon)
Missiles
 k - a throwing net
 n - 3 boomerangs (quivered)
 q - 7 stones
Armour
 b - a +0 leather armour
 c - a +0 chain mail
 e - a +0 ring mail (worn)
Scrolls
 a - 2 scrolls of blinking {unknown}
 d - 2 scrolls of fear {unknown}
 i - 2 scrolls of identify {unknown}
 m - 2 scrolls of teleportation {unknown}
 o - a scroll of enchant armour {unknown}
Potions
 f - a potion of berserk rage {unknown}
 g - a potion of mutation {unknown}
 p - a potion of lignification {unknown}


   Skills:
 + Level 3.2 Fighting
 + Level 6.0 Maces & Flails
 + Level 2.0 Armour
 + Level 1.2 Dodging
 + Level 2.8 Invocations


You had 5 spell levels left.
You didn't know any spells.
Your spell library contained the following spells:

 Spells                   Type           Power      Damage    Failure   Level
 Gell's Gravitas          Tloc           0%         N/A       88%         3
 Teleport Other           Tloc           0%         N/A       88%         3
 Dispersal                Tloc           0%         N/A       100%        6


Dungeon Overview and Level Annotations

Branches:
Dungeon (4/15)
 Temple: D:4-7

Altars:


Innate Abilities, Weirdness & Mutations

You have sharp fingernails.
A weak demonic guardian rushes to your aid.
You sometimes gain a little power by taking damage.


Message History

The orc priest shouts!
The orc priest invokes the aid of Beogh against you.
Pain shoots through your body!
You hit the orc priest.
The orc priest is moderately wounded.
An orc priest comes into view. It is wielding a +0 short sword.
The orc priest begins to cast a cantrip, but forgets the words!
The orc priest shouts!
You hit the orc priest.
The orc priest is poisoned.
The orc priest is heavily wounded.
The orc priest miscasts a cantrip.
You hit the orc.
The orc is poisoned.
The orc is severely wounded.
You hit the orc priest.
You kill the orc priest!
Lugonu accepts your kill.
You kill the orc!
Lugonu accepts your kill.
You hit the orc.
The orc is poisoned.
The orc is lightly wounded.
The orc barely misses you.
The orc priest mumbles some strange prayers to Beogh against you.
Beogh smites you!
A demonic guardian appears!
The orc priest mumbles some strange prayers to Beogh against you.
Beogh smites you!
* * * LOW HITPOINT WARNING * * *
You are too injured to fight recklessly!
The orc hits you with a +2 vampiric dagger.
* * * LOW HITPOINT WARNING * * *
The orc draws strength from your wounds!
The orc priest hits you with a +0 short sword.
* * * LOW HITPOINT WARNING * * *
Things that are here:
a +0 dagger; an orc corpse You hit the orc priest.
The orc priest is poisoned.
The orc priest is moderately wounded.
The orc closely misses you.
The orc priest invokes the aid of Beogh against you.
Beogh smites you!
You die...

######### #.......###.
## #.......... .# ###
#..# #...# # .###.###..#
#...# .#
..##......###...###..##
.......##..†..5o).....##
.......#...†....@o[.....
.).#..###........o......
.......##.###...###.....
.......#..# #...# #...
..........# #$..# ..
.......#... ...... .
#......##. .......
......## ..###...#
......#


You could see 2 orc priests, an orc (very poisoned, ally target) and a friendly
iron imp (summoned).

Vanquished Creatures
  An ogre (D:3)
  A scorpion (D:4)
  A bullfrog skeleton (D:3)
  2 orc priests
  Natasha (twice) (D:4)
  2 gnolls
  4 adders
  A dart slug (D:1)
  6 orcs
  4 bats
  7 endoplasms
  A giant cockroach (D:2)
  8 goblins
  2 hobgoblins (D:2)
  A jackal (D:3)
  2 quokkas (D:1)
  3 ball pythons
  4 frilled lizards
  4 kobolds
  3 rats
59 creatures vanquished.

Vanquished Creatures (collateral kills)
  A gnoll (D:3)
  An orc (D:2)
2 creatures vanquished.

Grand Total: 61 creatures vanquished

Notes
Turn   | Place    | Note
-------+----------+-------------------------------------------
     0 | Abyss:1  | Gwenloh the Demonspawn Abyssal Knight began the quest for
                  | the Orb.
     0 | Abyss:1  | Reached XP level 1. HP: 18/18 MP: 2/2
     9 | D:1      | Escaped the Abyss
    58 | D:1      | Reached skill level 2 in Maces & Flails
    59 | D:1      | Found a faded altar of an unknown god.
   181 | D:1      | Gained mutation: You sometimes gain a little power by
                  | taking damage. [demonic ancestry]
   181 | D:1      | Reached XP level 2. HP: 4/24 MP: 3/3
  1198 | D:1      | Reached skill level 3 in Maces & Flails
  1502 | D:2      | Gained mutation: A weak demonic guardian rushes to your
                  | aid. [demonic ancestry]
  1502 | D:2      | Reached XP level 3. HP: 29/29 MP: 4/4
  2180 | D:2      | Gained mutation: You have sharp fingernails. [demonic
                  | ancestry]
  2180 | D:2      | Reached XP level 4. HP: 35/35 MP: 5/5
  2278 | D:2      | Reached skill level 4 in Maces & Flails
  2552 | D:2      | Reached ** piety under Lugonu
  3285 | D:3      | Reached XP level 5. HP: 40/41 MP: 6/6
  3707 | D:3      | Reached skill level 5 in Maces & Flails
  3942 | D:4      | Noticed an ogre
  3949 | D:3      | Killed an ogre
  4087 | D:4      | Reached skill level 6 in Maces & Flails
  4087 | D:4      | Reached XP level 6. HP: 34/47 MP: 7/7
  4245 | D:4      | Noticed Natasha
  4254 | D:4      | Killed Natasha
  4255 | D:4      | Reached skill level 1 in Dodging
  4310 | D:4      | Noticed Natasha
  4316 | D:4      | Killed Natasha
  4396 | D:4      | Killed from afar by an orc priest

Illustrated notes

Levels and vault maps discovered:
D:1:      dpeg_arrival_connections, layout_basic,
          hellmonk_ecumenical_altar_pennies_from_heaven
D:2:      layout_basic
D:3:      layout_basic, kennysheep_generic_room_3
D:4:      layout_cave_pools, okawaru_altar_gauntlet_db,
          minmay_temple_entry_butterflies, minmay_misc_feat_cross, uniq_edmund,
          uniq_natasha

Skill      XL: |  1  2  3  4  5  6 |
---------------+-------------------+-----
Maces & Flails | 2 3 4 6 |  6.0
Dodging        | 1 |  1.2
Armour         | 2 |  2.0
Fighting       | |  3.2
Invocations    | |  2.8

Action                   |  1- 3 |  4- 6 || total
-------------------------+-------+-------++-------
Melee: Mace              |    73 |       ||    73
       Flail             |       |    31 ||    31
       Spear             |       |    61 ||    61
Throw: Boomerang         |       |     3 ||     3
Evoke: Wand              |     2 |    13 ||    15
Armor: Leather armour    |    17 |       ||    17
       Ring mail         |    11 |    32 ||    43
Dodge: Dodged            |    48 |    47 ||    95
